AoeStats
← [NICE_ASS] BigMasi

Nomad

506918187Analyzed
3v3 RM · 17d ago on Sep 15, 2026· 57m 3s· 6 players
Game mode
Random Map
Map size
210×210
Population
200
Speed
Normal
Resources
Standard
Victory
Conquest
Starting age
Dark Age
Ending age
Imperial Age
RankedLock teamsTeams togetherTeam positionsShared explorationLock speedFull tech treeHidden civsTurbo modeCheats
Victory
Defeat
🇨🇭 Vietnamese · Switzerland
1270
+14
🇨🇭 Persians · Switzerland
1179
+17
🇨🇭 Italians · Switzerland
1133
+19
🇫🇷 Persians · France
1224
-17
🇩🇪 Spanish · Germany
1215
-17
🇹🇼 Persians · Taiwan
1200
-16
3A
4:20 Loom
13:12 Feudal Age
17:15 Castle Age
15:45 Double-Bit Axe
16:27 Forging
17:27 Scale Barding Armor
18:30 Bloodlines
22:16 Chain Barding Armor
24:22 Husbandry
28:14 Iron Casting
28:32 Wheelbarrow
28:31 Horse Collar
31:02 Hand Cart
33:02 Gold Mining
40:17 Imperial Age
37:47 Town Watch
39:56 Cavalier
41:30 Plate Barding Armor
42:38 Blast Furnace
43:49 Gold Shaft Mining
52:07 Savar
Kayou
7:39 Loom
14:53 Feudal Age
19:03 Castle Age
17:13 Double-Bit Axe
17:48 Fletching
18:32 Bloodlines
18:45 Gold Mining
19:19 Padded Archer Armor
20:41 Husbandry
21:52 Bow Saw
21:56 Horse Collar
24:48 Wheelbarrow
25:02 Bodkin Arrow
26:29 Heavy Plow
28:00 Parthian Tactics
29:01 Gold Shaft Mining
28:51 Hand Cart
30:30 Leather Archer Armor
31:12 Ballistics
32:49 Thumb Ring
33:24 Stone Mining
33:32 Town Watch
34:30 Scale Barding Armor
34:36 Forging
39:27 Imperial Age
37:56 Chain Barding Armor
36:58 Light Cavalry
38:47 Masonry
40:02 Iron Casting
41:15 Conscription
41:47 Architecture
42:40 Plate Barding Armor
43:02 Cavalier
44:44 Blast Furnace
45:53 Chemistry
45:46 Ring Archer Armor
49:32 Kamandaran
48:54 Crossbowman
goupher
4:50 Loom
13:27 Feudal Age
18:01 Castle Age
27:00 Double-Bit Axe
28:30 Wheelbarrow
28:12 Padded Archer Armor
31:03 Gold Mining
31:04 Fishing Lines
32:20 Husbandry
32:31 Bloodlines
32:37 Leather Archer Armor
32:31 Horse Collar
38:10 Hand Cart
37:56 Heavy Plow
38:08 Bow Saw
38:15 Scale Barding Armor
38:21 Forging
39:51 Chain Barding Armor
48:56 Imperial Age
47:49 Iron Casting
49:01 Cavalier
50:18 Plate Barding Armor
50:43 Blast Furnace
52:10 Fletching
52:58 Paladin
hanibalX
4:31 Loom
18:12 Feudal Age
18:43 Double-Bit Axe
19:08 Fishing Lines
28:14 Castle Age
26:41 Fletching
27:48 Padded Archer Armor
29:45 Bow Saw
29:50 Medium Warships
29:43 Bodkin Arrow
30:44 Wheelbarrow
30:24 Gillnets
32:16 Leather Archer Armor
35:10 Ballistics
37:40 Thumb Ring
37:41 Gold Mining
39:30 Hand Cart
40:52 Horse Collar
42:43 Heavy Plow
46:07 Imperial Age
45:25 Treadmill Crane
46:41 Masonry
46:27 Murder Holes
47:33 Conscription
46:37 Elite Genoese Crossbowman
47:20 Bracer
47:51 Ring Archer Armor
48:35 Chemistry
48:07 Architecture
49:33 Two-Man Saw
48:53 Town Watch
juffie
6:00 Loom
14:32 Feudal Age
18:04 Castle Age
16:21 Fishing Lines
16:38 Double-Bit Axe
18:03 Bloodlines
19:27 Scale Barding Armor
21:33 Gold Mining
22:06 Forging
23:43 Chain Barding Armor
24:45 Wheelbarrow
25:31 Town Watch
28:47 Husbandry
32:03 Hand Cart
32:40 Bow Saw
34:07 Devotion
35:23 Stone Mining
37:16 Fletching
38:17 Horse Collar
39:46 Heavy Plow
40:50 Iron Casting
41:05 Bodkin Arrow
45:22 Imperial Age
43:16 Herbal Medicine
45:12 Heavy Camel Rider
46:29 Plate Barding Armor
46:19 Conscription
46:22 Ballistics
47:03 Chemistry
47:33 Blast Furnace
48:46 Hoardings
53:33 Two-Man Saw
53:05 Crop Rotation
53:45 Masonry
53:31 Murder Holes
[NICE_ASS] BigMasi
5:04 Loom
15:42 Feudal Age
16:55 Fishing Lines
17:05 Double-Bit Axe
19:51 Castle Age
19:37 Wheelbarrow
21:13 Bow Saw
21:04 Gillnets
23:27 Padded Archer Armor
23:17 Fletching
24:20 Elite Skirmisher
25:08 Bodkin Arrow
26:03 Leather Archer Armor
31:32 Ballistics
32:08 Hand Cart
37:43 Imperial Age
38:16 Gold Mining
38:17 Stone Mining
38:29 Bracer
39:36 Chemistry
39:25 Imperial Skirmisher
41:48 Pikeman
43:36 Scale Mail Armor
44:39 Arson
49:25 Chain Mail Armor
49:14 Squires
50:29 Halberdier
52:28 Plate Mail Armor
52:08 Forging
53:33 Elite Fire Lancer
55:07 Ring Archer Armor
54:39 Bracer
55:15 Iron Casting
55:10 Ring Archer Armor
Connection lost

Rejoining the realm…

Still unreachable

The connection could not be restored.

Session expired

The server has moved on; the page needs a fresh start.